AoeStats
← Jan Itor

MegaRandom

508955361Analyzed
4v4 RM · 8d ago on Sep 24, 2026· 23m 42s· 8 players
Game mode
Random Map
Map size
Large (8 player)
Population
200
Speed
Normal
Resources
Standard
Victory
Conquest
Starting age
Dark Age
Ending age
Imperial Age
RankedLock teamsTeams togetherTeam positionsShared explorationLock speedFull tech treeHidden civsTurbo modeCheats
Victory
Defeat
🇩🇪 Berbers · Germany
1756
+13
🇲🇰 Turks · North Macedonia
1753
+13
🇨🇦 Persians · Canada
1740
+13
🇩🇪 Saracens · Germany
1740
+13
🇩🇪 Bulgarians · Germany
1818
-18
🇧🇷 Koreans · Brazil
1731
-15
🇩🇪 Khitans · Germany
1657
-12
🇩🇪 Lithuanians · Germany
1513
-7
Obuk
8:07 Loom
10:27 Feudal Age
10:58 Double-Bit Axe
15:40 Forging
16:41 Fishing Lines
18:47 Gold Mining
21:54 Castle Age
20:36 Fletching
PanicWaller
7:54 Loom
10:18 Feudal Age
13:26 Wheelbarrow
16:12 Scale Barding Armor
17:09 Forging
22:12 Castle Age
20:03 Horse Collar
20:57 Double-Bit Axe
Hoyall
7:44 Loom
11:21 Feudal Age
13:06 Double-Bit Axe
18:02 Castle Age
16:23 Horse Collar
17:20 Fletching
20:39 Bow Saw
Jan Itor
12:18 Feudal Age
15:56 Castle Age
14:14 Double-Bit Axe
15:07 Horse Collar
16:07 Loom
17:05 Bow Saw
18:36 Heavy Plow
[xCs]PLO_Style
10:32 Feudal Age
11:50 Double-Bit Axe
12:11 Loom
12:31 Fletching
16:14 Castle Age
18:10 Husbandry
19:39 Horse Collar
23:42 Wheelbarrow
23:49 Scale Barding Armor
Cengo
9:55 Feudal Age
10:32 Double-Bit Axe
14:35 Fletching
17:27 Loom
22:26 Castle Age
21:24 Fishing Lines
23:00 Gillnets
23:21 Medium Warships
Monkey Boy
8:14 Loom
11:04 Feudal Age
14:56 Castle Age
13:42 Double-Bit Axe
16:45 Forging
16:41 Scale Barding Armor
18:40 Horse Collar
23:37 Wheelbarrow
[xCs]Bek
6:33 Loom
9:25 Feudal Age
9:55 Double-Bit Axe
20:16 Town Watch
23:01 Castle Age
22:59 Fishing Lines
23:09 Demolition Ship
24:00 Medium Warships
Connection lost

Rejoining the realm…

Still unreachable

The connection could not be restored.

Session expired

The server has moved on; the page needs a fresh start.